AoeStats
← [Marty]TheEY

Arabia

509182721Analyzed
3v3 RM · 7d ago on Sep 25, 2026· 51m 44s· 6 players
Game mode
Random Map
Map size
Normal (6 player)
Population
200
Speed
Normal
Resources
Standard
Victory
Conquest
Starting age
Dark Age
Ending age
Imperial Age
RankedLock teamsTeams togetherTeam positionsShared explorationLock speedFull tech treeHidden civsTurbo modeCheats
Victory
Defeat
🇧🇷 Varangians · Brazil
1622
+13
🇧🇷 Saxons · Brazil
1550
+16
🇧🇷 Danes · Brazil
1432
+20
🇭🇰 Italians · Hong Kong SAR China
1575
-18
🇭🇰 Varangians · Hong Kong SAR China
1567
-17
🇭🇰 Saxons · Hong Kong SAR China
1496
-14
GAX | Ry4n
6:29 Loom
8:47 Feudal Age
9:19 Double-Bit Axe
12:21 Bloodlines
17:59 Scale Barding Armor
19:54 Horse Collar
22:26 Forging
25:43 Castle Age
25:25 Gold Mining
25:44 Light Cavalry
26:45 Chain Barding Armor
29:05 Husbandry
30:38 Iron Casting
30:59 Town Watch
32:32 Wheelbarrow
33:30 Vendel Legacy
39:06 Imperial Age
39:10 Cavalier
40:26 Plate Barding Armor
40:44 Conscription
40:43 Hand Cart
40:44 Heavy Plow
40:55 Bow Saw
45:17 Blast Furnace
47:01 Squires
50:20 Hussar
52:32 Two-Man Saw
NJ
6:46 Loom
9:05 Feudal Age
9:44 Double-Bit Axe
15:06 Fletching
17:13 Padded Archer Armor
20:43 Gold Mining
24:20 Castle Age
24:22 Crossbowman
25:07 Thumb Ring
25:02 Bodkin Arrow
26:49 Ballistics
29:26 Bow Saw
29:05 Horse Collar
33:44 Wheelbarrow
33:34 Leather Archer Armor
41:25 Imperial Age
40:05 Hand Cart
42:20 Bracer
43:22 Chemistry
41:44 Arbalester
43:05 Gold Shaft Mining
43:31 Two-Man Saw
43:53 Ring Archer Armor
45:15 Conscription
51:50 Hoardings
rick rush
6:02 Loom
8:43 Feudal Age
12:48 Fletching
14:34 Padded Archer Armor
19:56 Double-Bit Axe
23:49 Castle Age
23:09 Horse Collar
23:23 Gold Mining
24:41 Wheelbarrow
23:58 Crossbowman
24:39 Bodkin Arrow
29:32 Leather Archer Armor
29:35 Bow Saw
31:19 Ballistics
32:16 Thumb Ring
36:25 Imperial Age
34:01 Heavy Plow
38:09 Chemistry
37:45 Ring Archer Armor
37:15 Bracer
38:27 Ring Archer Armor
38:37 Husbandry
38:52 Bloodlines
41:15 Gold Shaft Mining
41:52 Heavy Mounted Crossbowman
43:14 Cranequins
45:57 Light Cavalry
46:54 Forging
46:49 Scale Barding Armor
47:17 Hand Cart
47:12 Scale Barding Armor
47:05 Stone Mining
47:15 Town Watch
happy伯
6:17 Loom
8:44 Feudal Age
9:30 Double-Bit Axe
13:46 Bloodlines
17:22 Town Watch
18:16 Wheelbarrow
18:41 Scale Barding Armor
19:15 Forging
20:37 Horse Collar
24:11 Castle Age
22:39 Horse Collar
23:15 Gold Mining
24:13 Light Cavalry
25:14 Chain Barding Armor
25:20 Husbandry
26:32 Bow Saw
27:36 Iron Casting
28:49 Heavy Plow
30:54 Town Watch
32:01 Hand Cart
37:13 Vendel Legacy
45:00 Imperial Age
43:40 Pikeman
44:21 Squires
45:01 Cavalier
46:46 Blast Furnace
46:20 Conscription
47:44 Scale Mail Armor
48:20 Plate Barding Armor
48:40 Scale Mail Armor
phlui1122
5:13 Loom
8:33 Feudal Age
9:23 Double-Bit Axe
12:35 Fletching
14:45 Padded Archer Armor
15:57 Town Watch
23:14 Castle Age
23:03 Horse Collar
23:19 Gold Mining
24:09 Crossbowman
24:57 Bodkin Arrow
26:41 Leather Archer Armor
31:44 Ballistics
40:17 Imperial Age
39:44 Wheelbarrow
40:37 Arbalester
42:15 Bracer
43:57 Chemistry
44:17 Ring Archer Armor
44:08 Thumb Ring
46:20 Hand Cart
47:33 Elite Skirmisher
[Marty]TheEY
8:41 Feudal Age
7:01 Loom
11:57 Fletching
14:58 Padded Archer Armor
21:41 Castle Age
20:08 Double-Bit Axe
21:34 Gold Mining
21:26 Horse Collar
22:17 Bodkin Arrow
21:43 Crossbowman
24:06 Ballistics
26:55 Wheelbarrow
29:20 Bow Saw
31:31 Thumb Ring
39:26 Imperial Age
40:10 Bracer
41:13 Chemistry
39:48 Arbalester
41:41 Leather Archer Armor
45:35 Leather Archer Armor
46:09 Masonry
47:56 Ring Archer Armor
Connection lost

Rejoining the realm…

Still unreachable

The connection could not be restored.

Session expired

The server has moved on; the page needs a fresh start.